AoeStats
← ^5Toasty^2PopTart

Black Forest

509817152Analyzed
4v4 RM · 4d ago on Sep 28, 2026· 60m 46s· 8 players
Game mode
Random Map
Map size
Large (8 player)
Population
200
Speed
Normal
Resources
Standard
Victory
Conquest
Starting age
Dark Age
Ending age
Imperial Age
RankedLock teamsTeams togetherTeam positionsShared explorationLock speedFull tech treeHidden civsTurbo modeCheats
Victory
Defeat
🇺🇸 Vietnamese · United States
843
+6
🇺🇸 Slavs · United States
829
+6
🇺🇸 Bohemians · United States
758
+8
🇨🇦 Huns · Canada
719
+9
🇺🇸 Turks · United States
644
-9
🇺🇸 Teutons · United States
611
-8
🇲🇽 Persians · Mexico
566
-7
🇵🇪 Goths · Peru
471
-5
SCAM-U-LONGTIME
0:27 Loom
16:02 Feudal Age
18:44 Horse Collar
18:53 Double-Bit Axe
29:13 Castle Age
31:24 Fortified Wall
32:38 Bow Saw
32:30 Heavy Plow
33:14 Pikeman
33:19 Crossbowman
33:20 Elite Skirmisher
33:49 Gambesons
34:05 Squires
33:50 Arson
34:39 Scale Mail Armor
34:59 Caravan
35:55 Wheelbarrow
35:41 Masonry
41:37 Imperial Age
43:12 Conscription
48:16 Hand Cart
47:46 Town Watch
robertosminor89
1:13 Loom
13:04 Feudal Age
14:58 Wheelbarrow
14:36 Double-Bit Axe
17:59 Stone Mining
18:02 Gold Mining
21:19 Horse Collar
26:29 Castle Age
26:36 Forging
26:27 Scale Mail Armor
26:33 Scale Barding Armor
28:31 Heavy Plow
29:10 Iron Casting
28:51 Chain Mail Armor
28:52 Bow Saw
29:03 Hand Cart
31:25 Husbandry
31:30 Caravan
32:54 Chain Barding Armor
36:49 Coinage
39:09 Ballistics
41:30 Imperial Age
42:27 Cavalier
44:33 Chemistry
44:08 Arson
44:24 Squires
43:44 Pikeman
43:50 Heavy Scorpion
45:45 Savar
46:41 Capped Ram
48:59 Siege Ram
51:10 Blast Furnace
50:40 Plate Mail Armor
53:41 Bloodlines
El Fiel
19:52 Feudal Age
20:19 Horse Collar
20:34 Double-Bit Axe
27:06 Castle Age
27:53 Heavy Plow
28:06 Bow Saw
34:59 Imperial Age
33:19 Gold Mining
33:21 Stone Mining
35:26 Stone Shaft Mining
40:13 Two-Man Saw
41:04 Crop Rotation
42:45 Wheelbarrow
42:38 Anarchy
45:08 Hand Cart
46:31 Fletching
46:41 Padded Archer Armor
46:53 Forging
46:43 Scale Mail Armor
49:07 Pikeman
49:49 Squires
49:47 Bodkin Arrow
50:07 Leather Archer Armor
50:08 Chain Mail Armor
49:58 Scale Barding Armor
49:16 Light Cavalry
50:07 Bloodlines
49:23 Elite Huskarl
50:10 Murder Holes
50:38 Ballistics
49:42 Elite Skirmisher
MordorQva
BULLXHILL
0:45 Loom
12:58 Feudal Age
15:05 Double-Bit Axe
16:27 Forging
16:17 Scale Mail Armor
18:20 Castle Age
16:28 Scale Barding Armor
16:20 Horse Collar
17:00 Gold Mining
17:20 Stone Mining
18:02 Fletching
25:26 Heavy Plow
30:03 Caravan
32:52 Imperial Age
31:00 Wheelbarrow
30:38 Bow Saw
31:16 Bodkin Arrow
31:22 Padded Archer Armor
32:16 Chatras
32:51 Caravan
33:28 Ballistics
33:41 Hand Cart
33:25 Treadmill Crane
33:13 Crossbowman
35:06 Thumb Ring
34:23 Elite Skirmisher
36:23 Chain Mail Armor
36:45 Iron Casting
37:28 Chemistry
35:59 Imperial Skirmisher
36:33 Arbalester
38:49 Crop Rotation
39:24 Two-Man Saw
40:15 Plate Mail Armor
40:02 Leather Archer Armor
40:20 Heated Shot
46:13 Ring Archer Armor
46:04 Chain Barding Armor
45:44 Bracer
48:35 Plate Barding Armor
47:25 Elite Battle Elephant
60:44 Siege Engineers
60:53 Masonry
60:40 Murder Holes
^5Toasty^2PopTart
1:54 Loom
12:49 Feudal Age
16:23 Double-Bit Axe
24:37 Castle Age
24:55 Horse Collar
27:34 Wheelbarrow
27:00 Pikeman
28:11 Bow Saw
28:24 Fletching
33:22 Chemistry
33:28 Hand Cart
38:59 Horse Collar
42:15 Imperial Age
39:33 Town Watch
41:45 Caravan
42:15 Town Patrol
43:48 Squires
43:34 Arson
43:14 Man-at-Arms
45:53 Two-Man Saw
44:55 Murder Holes
46:20 Conscription
46:49 Forging
46:35 Bodkin Arrow
46:41 Padded Archer Armor
46:42 Scale Mail Armor
47:57 Houfnice
49:14 Wagenburg Tactics
49:48 Iron Casting
50:08 Capped Ram
52:43 Siege Engineers
53:55 Onager
57:08 Blast Furnace
56:23 Chain Mail Armor
55:58 Halberdier
59:13 Spies/Treason
59:14 Elite Hussite Wagon
blueberry
0:30 Loom
12:57 Feudal Age
13:53 Double-Bit Axe
14:39 Gold Mining
14:32 Man-at-Arms
20:21 Castle Age
18:41 Scale Mail Armor
19:55 Forging
19:52 Fletching
21:51 Bow Saw
22:27 Iron Casting
23:16 Stone Mining
24:53 Gold Shaft Mining
27:14 Wheelbarrow
32:45 Imperial Age
31:20 Squires
32:18 Horse Collar
33:26 Chain Mail Armor
34:10 Pikeman
35:55 Blast Furnace
35:29 Heavy Plow
36:02 Capped Ram
37:15 Crop Rotation
38:23 Two-Man Saw
37:30 Halberdier
39:08 Plate Mail Armor
39:27 Hand Cart
39:51 Druzhina
40:52 Detinets
41:34 Siege Ram
42:35 Masonry
42:46 Ballistics
42:22 Murder Holes
44:38 Chemistry
47:14 Heavy Scorpion
48:04 Siege Engineers
53:55 Guard Tower
54:56 Spies/Treason
deathly
11:56 Feudal Age
20:36 Castle Age
19:05 Horse Collar
19:16 Double-Bit Axe
19:47 Gold Mining
19:49 Stone Mining
21:31 Wheelbarrow
21:47 Bow Saw
22:44 Heavy Plow
27:26 Hand Cart
29:56 Forging
29:53 Scale Barding Armor
29:11 Light Cavalry
30:02 Bloodlines
29:52 Husbandry
36:13 Imperial Age
34:22 Iron Casting
34:07 Chain Barding Armor
34:59 Caravan
37:55 Blast Furnace
37:30 Plate Barding Armor
36:19 Cavalier
36:20 Hussar
38:27 Conscription
37:40 Paladin
40:07 Gold Shaft Mining
40:53 Two-Man Saw
44:48 Murder Holes
45:04 Masonry
45:15 Ballistics
45:56 Chemistry
57:59 Spies/Treason
59:57 Clinker Construction
59:57 Careening
60:11 Heresy
60:11 Sanctity
59:51 Devotion
60:17 Illumination
59:52 Atonement
60:03 Fervor
59:46 Fletching
59:57 Padded Archer Armor
59:57 Scale Mail Armor
59:50 Town Watch
59:50 Loom
59:35 Man-at-Arms
59:35 Pikeman
60:15 Squires
60:01 Arson
Connection lost

Rejoining the realm…

Still unreachable

The connection could not be restored.

Session expired

The server has moved on; the page needs a fresh start.